 Dungeon Crawl Stone Soup version 0.17.0-23-g0de4337 (webtiles) character file.

503 Gravenous the Cudgeler (level 7, 0/100 (102) HPs)
             Began as an Ogre Artificer on Nov 15, 2015.
             Was an Initiate of Yredelemnul.
             Slain by a shadow imp (1 damage)
             ... on level 5 of the Dungeon.
             The game lasted 00:08:38 (5613 turns).

Gravenous the Cudgeler (Ogre Artificer)             Turns: 5613, Time: 00:08:39

HP:   0/100 (102)   AC: 23    Str: 17    XL:     7   Next: 17%
MP:   9/9           EV:  1    Int: 16    God:    Yredelemnul [......]
Gold: 241           SH:  0    Dex: 10    Spells: 0 memorised, 6 levels left

rFire  . . .     SeeInvis .     a - +0 short sword
rCold  . . .     Clarity  .     (armour currently unavailable)
rNeg   + + +     SustAt   .     (no shield)
rPois  +         Gourm    .     (helmet currently unavailable)
rElec  .         Spirit   .     (cloak currently unavailable)
rCorr  .         Warding  .     (gloves unavailable)
rMut   .         NoTele   +     (boots unavailable)
MR     .....                    (no amulet)
Stlth  +.........               t - +3 ring of intelligence
                                (no ring)

@: tree-form, not resistant to hostile enchantments, very unstealthy
A: unfitting armour, (tough skin 0)
a: Renounce Religion


You were on level 5 of the Dungeon.
You worshipped Yredelemnul.
Yredelemnul was noncommittal.
You were not hungry.
You were a tree.
You visited 1 branch of the dungeon, and saw 5 of its levels.

You collected 241 gold pieces.

Inventory:

Hand Weapons
 a - a +0 short sword (weapon)
 j - a +0 club
 k - a +0 flail
 w - a +0 giant club
Missiles
 n - 10 poisoned needles
 C - 2 large rocks (quivered)
Armour
 b - a +0 robe (melded)
 l - a +0 cloak (melded)
Jewellery
 m - an uncursed ring of teleportation
 t - a +3 ring of intelligence (right branch)
 y - a +4 ring of dexterity {unknown}
Wands
 c - a wand of flame (0)
 d - a wand of enslavement (15)
 e - a wand of random effects (1)
 p - a wand of disintegration (1)
Scrolls
 g - 2 scrolls of teleportation
 h - 4 scrolls of remove curse
 s - 3 scrolls of blinking
Potions
 o - 2 potions of magic
 q - a potion of flight
 r - a potion of cancellation
 v - a potion of degeneration
Comestibles
 f - 3 bread rations
 i - 2 chunks of flesh
 z - a slice of pizza


   Skills:
 - Level 3.9 Fighting
 - Level 0.5 Short Blades
 + Level 6.1 Maces & Flails
 * Level 2.7 Throwing
 - Level 2.2 Dodging
 - Level 0.7 Stealth
 - Level 3.4 Evocations


You had 6 spell levels left.
You didn't know any spells.

Dungeon Overview and Level Annotations

Branches:
Dungeon (5/15)
 Temple: D:4-7

Altars:
Elyvilon
Qazlal
Trog
Yredelemnul


Innate Abilities, Weirdness & Mutations

You are too large for most types of armour.
((You have tough skin (AC +1).))


Message History

The shadow imp hits you.
* * * LOW HITPOINT WARNING * * *
You hit the shadow imp but do no damage.
The shadow imp is severely wounded.
The shadow imp hits you.
* * * LOW HITPOINT WARNING * * *
You barely miss the shadow imp.
The shadow imp is severely wounded.
The shadow imp gestures at you. Pain shoots through your body!
* * * LOW HITPOINT WARNING * * *
Unknown command.
Drink which item? (? for menu, Esc to quit)
It was a potion of lignification.
You turn into a tree.
Your +0 cloak melds into your body.
Your +0 robe melds into your body.
Your roots penetrate the ground.
The shadow imp grins evilly.
The shadow imp hits you.
You die...
Your body rises from the dead as a mindless zombie.

#.......# #.##.......#
.[#.......#
#.#.....:.########
#..##............# ##.
#............#
#.##............#
#..#............#
########♣#............#
#.....##5#............#
#.###†##.#............#
#. #.)...............#
#. #####.............#
.. #.............# .o
#.............# 5.o
##>........... ...
#...........


You could see a shadow imp.

Vanquished Creatures
  A human (D:5)
  An ogre (D:4)
  An iguana (D:4)
  A human skeleton (D:5)
  Natasha (D:3)
  A gnoll (D:1)
  10 adders
  2 oozes
  A worm (D:2)
  7 giant geckos
  5 orcs
  5 giant cockroaches
  13 hobgoblins
  6 ball pythons
  4 bats (D:1)
  9 giant newts
  7 goblins
  9 jackals
  2 kobolds
  A kobold skeleton (D:5)
  2 quokkas (D:2)
  5 rats (D:1)
94 creatures vanquished.

Vanquished Creatures (collateral kills)
  Natasha (D:3)
  2 jackals (D:5)
3 creatures vanquished.

Grand Total: 97 creatures vanquished

Notes
Turn   | Place    | Note
--------------------------------------------------------------
     0 | D:1      | Gravenous the Ogre Artificer began the quest for the Orb.
     0 | D:1      | Reached XP level 1. HP: 19/19 MP: 2/2
   252 | D:1      | Reached XP level 2. HP: 18/28 MP: 3/3
   743 | D:1      | Reached skill level 1 in Maces & Flails
   750 | D:1      | Reached XP level 3. HP: 22/36 MP: 4/4
  1296 | D:1      | Reached skill level 3 in Fighting
  1727 | D:2      | Reached XP level 4. HP: 45/45 MP: 5/5
  1730 | D:2      | Found a faded altar to an unknown god.
  1759 | D:2      | Found a bloodstained altar of Trog.
  2611 | D:2      | Found a white marble altar of Elyvilon.
  2840 | D:2      | Found a stormy altar of Qazlal.
  3086 | D:3      | Reached XP level 5. HP: 54/54 MP: 6/6
  3129 | D:3      | Noticed Natasha
  3135 | D:3      | Killed Natasha
  3135 | D:3      | Reached skill level 4 in Maces & Flails
  3278 | D:3      | Noticed Natasha
  3295 | D:3      | Killed Natasha
  4140 | D:4      | Noticed an ogre
  4143 | D:4      | Killed an ogre
  4143 | D:4      | Reached skill level 5 in Maces & Flails
  4143 | D:4      | Reached XP level 6. HP: 62/62 MP: 8/8
  4753 | D:5      | Entered Level 5 of the Dungeon
  4887 | D:5      | Found a runed door.
  4887 | D:5      | Noticed a human
  4902 | D:5      | Reached skill level 1 in Throwing
  5014 | D:5      | Found a basalt altar of Yredelemnul.
  5036 | D:5      | Killed a human
  5036 | D:5      | Reached skill level 6 in Maces & Flails
  5036 | D:5      | Reached XP level 7. HP: 36/68 MP: 9/9
  5355 | D:5      | Became a worshipper of Yredelemnul the Dark
  5612 | D:5      | HP: 1/67 [shadow imp/nerve-wracking pain (11)]
  5613 | D:5      | Slain by a shadow imp

Action                   |  1- 3 |  4- 6 |  7- 9 || total
-------------------------+-------+-------+-------++-------
Melee: Short sword       |   151 |   261 |    95 ||   507
Evoke: Wand              |     5 |    24 |     3 ||    32
  Use: Scroll            |       |     9 |       ||     9
       Potion            |       |       |     1 ||     1
 Stab: Sleeping          |     1 |       |       ||     1
  Eat: Chunk             |     3 |    10 |       ||    13
       Bread ration      |       |       |     1 ||     1
